 Dungeon Crawl Stone Soup version 0.20.1-1-g8b1a95d (webtiles) character file.

190 slep the Skirmisher (level 5, -2/42 HPs)
             Began as a Demonspawn Abyssal Knight on Oct 29, 2017.
             Was a Priest of Lugonu.
             Slain by Sigmund
             ... wielding a +0 scythe
              (9 damage)
             ... on level 3 of the Dungeon.
             The game lasted 00:14:55 (2214 turns).

slep the Skirmisher (Demonspawn Abyssal Knight)     Turns: 2214, Time: 00:14:55

Health: -2/42      AC:  4    Str: 13    XL:     5   Next: 41%
Magic:  0/7        EV: 12    Int: 13    God:    Lugonu [***...]
Gold:   151        SH:  4    Dex: 13    Spells: 4/4 levels left

rFire    . . .     SeeInvis .   a - +1 falchion
rCold    + . .     Gourm    .   (no shield)
rNeg     . . .     Faith    .   b - +0 leather armour
rPois    .         Spirit   +   (helmet restricted)
rElec    .         Reflect  +   (no cloak)
rCorr    .         Harm     .   (no gloves)
MR       +....                  v - +0 pair of boots
Stlth    ++........             o - +4 amulet of reflection
Regen    0.2/turn               w - ring of protection from magic
MPRegen  0.1/turn               x - ring of stealth

@: no status effects
A: horns 1, cold resistance 1, magic shield, freezing cloud immunity
a: Depart the Abyss, Bend Space, Banish, Renounce Religion


You were on level 3 of the Dungeon.
You worshipped Lugonu.
Lugonu was most pleased with you.
You were not hungry.

You visited 1 branch of the dungeon, and saw 3 of its levels.
You visited the Abyss 1 time.

You collected 151 gold pieces.

Inventory:

Hand Weapons
 a - a +1 falchion (weapon)
 u - a +0 dagger of flaming
Armour
 b - a +0 leather armour (worn)
 v - a +0 pair of boots (worn)
Jewellery
 f - an uncursed amulet of rage
 o - a +4 amulet of reflection (around neck)
 w - a ring of protection from magic (left hand)
 x - a ring of stealth (right hand)
Scrolls
 g - 2 scrolls of noise {unknown}
 h - 3 scrolls of recharging {unknown}
 i - a scroll of enchant armour {unknown}
 k - 3 scrolls of teleportation {unknown}
 m - 3 scrolls of identify {unknown}
 n - 3 scrolls of remove curse {unknown}
 q - 2 scrolls of fog {unknown}
 r - a scroll of amnesia {unknown}
Potions
 d - a potion of degeneration {unknown}
 e - 5 potions of might {unknown}
 j - a potion of magic {unknown}
 l - a potion of brilliance {unknown}
 p - 2 potions of curing {unknown}
 s - 3 potions of resistance {unknown}
Comestibles
 c - a bread ration
 t - a chunk of flesh


   Skills:
 + Level 3.7 Fighting
 + Level 3.6 Long Blades
 + Level 2.5 Armour
 + Level 1.6 Dodging
 + Level 1.0 Stealth
 + Level 2.9 Invocations


You had 4 spell levels left.
You didn't know any spells.

Dungeon Overview and Level Annotations

Branches:
Dungeon (3/15)

Altars:
Gozag
Qazlal

Annotations:
D:3 1 runed door, Sigmund


Innate Abilities, Weirdness & Mutations

You have a pair of small horns on your head.
Your flesh is cold resistant. (rC+)
When hurt, damage is shared between your health and your magic reserves.
You are immune to freezing clouds.


Message History

Something hits you.
Some of the chunks of flesh in your inventory have rotted away.
You see here an orc corpse.
You see here a dagger.
Something hits you.
You see here a dagger.
Something hits you!
You see here an orc corpse.
You hit something. You headbutt something. You miss something.
You hear some strange, mumbled words.
Something tries to affect you, but you resist.
You miss something. Your headbutt misses something. Something hits you!
You miss something.
You hear some strange, mumbled words.
A magic dart appears from out of thin air!
The magic dart hits you!
* * * LOW HITPOINT WARNING * * *
You closely miss something. Something hits you!
You die...

♣.PP.♣
....###..##..>#
#....#
#.##..#..###...# #
##..## # ##...##
#...# # #...#
##.## ###>#
####.## #.# #.#
.....# #.# #.# #.#
.##### #.# #g# #.#
.# #.# #{#
##.######## .# #.#
#@# ##..........
.# #.# #)#
#÷.<######## .#
#.# #.# #...#
.#### #.# #.#
#.### ....#
##.####.# ###
.##>######.......#
.........)..######
.##.#########
.##.###.##


You could see a goblin.

Vanquished Creatures
  An orc priest (D:3)
  Natasha (D:3)
  4 adders
  2 oozes
  2 worms
  2 leopard geckos
  14 orcs (D:3)
  A ball python (D:3)
  2 giant cockroaches (D:1)
  5 goblins
  6 hobgoblins
  A quokka (D:2)
  11 bats
  4 frilled lizards
  9 kobolds
  8 rats
73 creatures vanquished.

Notes
Turn   | Place    | Note
-------+----------+-------------------------------------------
     0 | Abyss:1  | slep the Demonspawn Abyssal Knight began the quest for the Orb.
     0 | Abyss:1  | Reached XP level 1. HP: 18/18 MP: 2/2
   123 | Abyss:1  | Noticed an orange demon
   132 | Abyss:1  | Noticed a thrashing horror
   148 | Abyss:1  | Noticed a large abomination
   150 | D:1      | Escaped the Abyss
   210 | D:1      | Reached * piety under Lugonu
   323 | D:1      | Gained mutation: You have a pair of small horns on your head. [demonic ancestry]
   323 | D:1      | Reached XP level 2. HP: 12/24 MP: 3/3
   332 | D:1      | Reached skill level 1 in Dodging
   753 | D:1      | Gained mutation: Your flesh is cold resistant. (rC+) [demonic ancestry]
   753 | D:1      | Reached XP level 3. HP: 29/29 MP: 4/4
   951 | D:2      | Reached ** piety under Lugonu
  1360 | D:2      | Gained mutation: When hurt, damage is shared between your health and your magic reserves. [demonic ancestry]
  1360 | D:2      | Reached XP level 4. HP: 15/37 MP: 6/6
  1711 | D:3      | Noticed Natasha
  1725 | D:3      | Killed Natasha
  1849 | D:3      | Found an opulent altar of Gozag.
  1852 | D:3      | Found a stormy altar of Qazlal.
  1928 | D:3      | Gained mutation: You are immune to freezing clouds. [demonic ancestry]
  1928 | D:3      | Reached XP level 5. HP: 36/42 MP: 5/7
  2076 | D:3      | Found a runed door.
  2179 | D:3      | Reached *** piety under Lugonu
  2179 | D:3      | Reached skill level 1 in Stealth
  2195 | D:3      | Noticed Sigmund
  2214 | D:3      | Slain by Sigmund

Skill      XL: |  1  2  3  4  5 |
---------------+----------------+-----
Long Blades    | 2 3 |  3.6
Armour         | 2 |  2.5
Dodging        | 1 |  1.6
Stealth        | 1 |  1.0
Fighting       | |  3.7
Invocations    | |  2.9

Action                   |  1- 3 |  4- 6 || total
-------------------------+-------+-------++-------
Melee: Falchion          |   115 |    97 ||   212
       Headbutt          |    11 |    15 ||    26
Invok: Depart the Abyss  |     1 |       ||     1
 Stab: Sleeping          |       |     1 ||     1
  Eat: Chunk             |     2 |     3 ||     5
Armor: Leather armour    |    31 |    23 ||    54
Dodge: Dodged            |    62 |    47 ||   109
Block: Other             |    18 |     7 ||    25
       Rpst.: Falchion   |    19 |    13 ||    32
